 Dungeon Crawl Stone Soup version 0.30-a0-528-g8c47a4955b (webtiles) character file.

Game seed: 7544195959192666381

155 NinjaNoafa the Caller (level 5, -4/37 HPs)
             Began as a Gnoll Summoner on Dec 24, 2022.
             Slain by a black bear (5 damage)
             ... on level 4 of the Dungeon.
             The game lasted 00:08:28 (3526 turns).

NinjaNoafa the Caller (Gnoll Summoner)              Turns: 3526, Time: 00:08:28

Health: -4/37      AC:  4    Str:  7    XL:     5   Next: 37%
Magic:  8/21       EV: 14    Int: 17    God:
Gold:   169        SH:  0    Dex: 14    Spells: 1/14 levels left

rFire   . . .      SeeInvis .    y - +1 dagger (drain)
rCold   . . .      Faith    .    (no shield)
rNeg    . . .      Spirit   .    t - +1 robe of the Sky {Fly Dex+2}
rPois   .          Reflect  .    (no helmet)
rElec   .          Harm     .    c - +0 cloak
rCorr   .          Rampage  .    (no gloves)
Will    .....                    (no boots)
Stlth   +++                      (no amulet)
HPRegen 0.26/turn                e - ring of wizardry
MPRegen 0.17/turn                m - ring of magical power

@: flying
A: fangs 1, strong nose, distributed training
a: no special abilities


You were on level 4 of the Dungeon.
You visited 1 branch of the dungeon, and saw 4 of its levels.

You collected 169 gold pieces.

Inventory:

Hand Weapons
 y - a +1 dagger of draining (weapon)
Missiles
 d - 31 stones
 p - 6 boomerangs (quivered)
Armour
 c - a +0 cloak (worn)
 t - the +1 robe of the Sky (worn) {Fly Dex+2}
   (You found it on level 2 of the Dungeon)

   Dex:       It affects your dexterity (+2).
   Fly:       It grants you flight.
Jewellery
 e - a ring of wizardry (left hand)
 m - a ring of magical power (right hand)
Wands
 n - a wand of flame (18)
 u - a wand of quicksilver (9)
Scrolls
 a - a scroll of magic mapping {unknown}
 f - 7 scrolls of identify {unknown}
 j - a scroll of amnesia {unknown}
 k - a scroll of summoning {unknown}
 l - a scroll of torment {unknown}
 o - 3 scrolls of noise {unknown}
 s - a scroll of teleportation {unknown}
 w - 2 scrolls of immolation {unknown}
Potions
 b - a potion of magic
 g - 4 potions of curing {unknown}
 h - a potion of attraction {unknown}
 i - a potion of berserk rage {unknown}
 q - a potion of flight {unknown}
 r - a potion of lignification {unknown}
 v - a potion of brilliance {unknown}
 x - a potion of heal wounds {unknown}


   Skills:
 + Level 1.5 Fighting
 + Level 1.5 Short Blades
 + Level 1.5 Long Blades
 + Level 1.5 Axes
 + Level 1.5 Maces & Flails
 + Level 1.5 Polearms
 + Level 1.5 Staves
 + Level 1.5 Ranged Weapons
 + Level 1.5 Throwing
 + Level 1.5 Armour
 + Level 4.8 Dodging
 + Level 4.4 Stealth
 + Level 1.5 Shields
 + Level 1.5 Unarmed Combat
 + Level 5.2 Spellcasting
 + Level 1.2 Conjurations
 + Level 1.2 Hexes
 + Level 7.2 Summonings
 + Level 1.2 Necromancy
 + Level 1.2 Translocations
 + Level 1.2 Transmutations
 + Level 1.2 Fire Magic
 + Level 1.2 Ice Magic
 + Level 1.2 Air Magic
 + Level 1.2 Earth Magic
 + Level 1.2 Poison Magic
 + Level 1.7 Invocations
 + Level 1.5 Evocations


You had one spell level left.
You knew the following spells:

 Your Spells              Type           Power      Damage    Failure   Level
a - Summon Small Mammal   Summ           100%       N/A       1%          1
b - Call Imp              Summ           29%        N/A       1%          2
c - Call Canine Familiar  Summ           29%        N/A       1%          3
d - Summon Guardian Gole  Hex/Summ       18%        N/A       3%          3
e - Summon Lightning Spi  Summ/Air       18%        N/A       10%         4

Your spell library contained the following spells:

 Spells                   Type           Power      Damage    Failure   Level
 Ignite Poison            Fire/Tmut/Pois 8%         N/A       11%         3
 Kindle Blastsparks       Fire/Tloc/Air  16%        2d11      11%         3
 Freezing Cloud           Conj/Ice/Air   4%         6-21      65%         5


Dungeon Overview and Level Annotations

Branches:
Dungeon (4/15)
 Temple: D:4-7

Altars:


Innate Abilities, Weirdness & Mutations

You have very sharp teeth.
Your uncanny sense of smell can sniff out nearby items.
Your experience applies equally to all skills.


Message History

The black bear claws your lightning spire.
The giant cockroach bites your lightning spire but does no damage.
The kobold hits your lightning spire but does no damage.
The black bear completely misses your lightning spire.
The black bear claws your lightning spire.
Your lightning spire is destroyed!
Your lightning spire disappears in a puff of smoke!
The black bear attacks as you move away!
The black bear bites you! The black bear claws you. x2
* * * LOW HITPOINT WARNING * * *
The giant cockroach attacks as you move away!
The giant cockroach bites you but does no damage.
The black bear rages.
The kobold hits you with a +0 dagger.
* * * LOW HITPOINT WARNING * * *
An iguana comes into view.
The iguana hisses angrily.
Casting: Summon Lightning Spire (quite dangerous; 10% risk of failure)
Confirm with . or Enter, or press ? or * to list all spells.
The black bear barely misses you. The black bear closely misses you.
The black bear barely misses you. x2
The black bear claws you but does no damage.
The black bear claws you.
* * * LOW HITPOINT WARNING * * *
The kobold completely misses you.
Okay, then.
Okay, then.
Okay, then.
Your hound bites the kobold.
The kobold dies!
The black bear rages.
Casting: Call Canine Familiar (safe; 1% risk of failure)
Confirm with . or Enter, or press ? or * to list all spells.
A guardian golem appears, shielding your allies.
The giant cockroach misses you. The black bear misses you.
The black bear claws you but does no damage.
The black bear claws you.
* * * LOW HITPOINT WARNING * * *
The black bear barely misses you. The black bear claws you.
You die...

## ##. ##.. #... ##
##.. .####.#.
#...##........
#...@#........
#####Bh# .....
#....g9###.....
##.....h.#......
##....##.........
##.....#....>.....
##...#..>.#...l....
#...<#...###.......
#......#####
.......


You could see a black bear (berserk, ally target), an iguana, a giant cockroach,
a hobgoblin, a friendly guardian golem (summoned) and a friendly hound
(summoned, sheltered).

Vanquished Creatures
  An endoplasm (D:1)
  2 kobolds
3 creatures vanquished.

Vanquished Creatures (collateral kills)
  A gnoll (D:2)
  5 adders
  10 worms
  A dart slug (D:2)
  An orc (D:3)
  8 endoplasms
  3 giant cockroaches (D:2)
  6 goblins
  3 hobgoblins
  5 quokkas
  4 ball pythons
  3 bats
  4 frilled lizards
  7 kobolds
  5 rats
66 creatures vanquished.

Grand Total: 69 creatures vanquished

Notes
Turn   | Place    | Note
-------+----------+-------------------------------------------
     0 | D:1      | NinjaNoafa the Gnoll Summoner began the quest for the Orb.
     0 | D:1      | Reached XP level 1. HP: 13/13 MP: 6/6
   193 | D:1      | Reached XP level 2. HP: 13/19 MP: 7/7
   231 | D:1      | Learned a level 2 spell: Call Imp
   348 | D:1      | You fall into a shaft and drop 1 floor!
  1137 | D:2      | Reached skill level 5 in Spellcasting
  1137 | D:2      | Reached XP level 3. HP: 25/25 MP: 9/9
  1143 | D:2      | Learned a level 3 spell: Call Canine Familiar
  1147 | D:2      | Learned a level 3 spell: Summon Guardian Golem
  1229 | D:2      | Reached skill level 1 in Invocations
  1275 | D:2      | Reached skill level 1 in Fighting
  1275 | D:2      | Reached skill level 1 in Short Blades
  1275 | D:2      | Reached skill level 1 in Long Blades
  1275 | D:2      | Reached skill level 1 in Axes
  1275 | D:2      | Reached skill level 1 in Maces & Flails
  1275 | D:2      | Reached skill level 1 in Polearms
  1275 | D:2      | Reached skill level 1 in Staves
  1275 | D:2      | Reached skill level 1 in Ranged Weapons
  1275 | D:2      | Reached skill level 1 in Throwing
  1275 | D:2      | Reached skill level 1 in Armour
  1275 | D:2      | Reached skill level 1 in Shields
  1275 | D:2      | Reached skill level 1 in Unarmed Combat
  1275 | D:2      | Reached skill level 1 in Evocations
  1335 | D:2      | Reached XP level 4. HP: 25/32 MP: 11/11
  1895 | D:2      | Reached skill level 1 in Conjurations
  1895 | D:2      | Reached skill level 1 in Hexes
  1895 | D:2      | Reached skill level 1 in Necromancy
  1895 | D:2      | Reached skill level 1 in Translocations
  1895 | D:2      | Reached skill level 1 in Transmutations
  1895 | D:2      | Reached skill level 1 in Fire Magic
  1895 | D:2      | Reached skill level 1 in Ice Magic
  1895 | D:2      | Reached skill level 1 in Air Magic
  1895 | D:2      | Reached skill level 1 in Earth Magic
  1895 | D:2      | Reached skill level 1 in Poison Magic
  2375 | D:2      | Reached XP level 5. HP: 37/37 MP: 12/12
  2430 | D:2      | Identified the +1 robe of the Sky {Fly Dex+2}
  2452 | D:2      | Learned a level 4 spell: Summon Lightning Spire
  3051 | D:3      | Found a faded altar of an unknown god.
  3501 | D:4      | Noticed a black bear
  3526 | D:4      | HP: 1/37 [black bear (3)]
  3526 | D:4      | Slain by a black bear

Illustrated notes

Levels and vault maps discovered:
D:1:      lightli_arrival_statue_moat, layout_loops_cross
D:2:      minmay_razor_zed, layout_rooms, serial_curves, eino_curves_04,
          eino_curves_02, eino_curves_01, corexii_corridor_pit,
          nicolae_wormholes
D:3:      layout_loops_ring, ebering_ecumenical_altar_rust,
          chequers_serial_rivers_marsh
D:4:      layout_cave_pools, bloody_makhleb, minmay_manual_moon

Skill      XL: |  1  2  3  4 |
---------------+-------------+-----
Spellcasting   | 5 |  5.2
Invocations    | 1 |  1.7
Fighting       | 1 |  1.5
Short Blades   | 1 |  1.5
Long Blades    | 1 |  1.5
Axes           | 1 |  1.5
Maces & Flails | 1 |  1.5
Polearms       | 1 |  1.5
Staves         | 1 |  1.5
Ranged Weapons | 1 |  1.5
Throwing       | 1 |  1.5
Armour         | 1 |  1.5
Shields        | 1 |  1.5
Unarmed Combat | 1 |  1.5
Evocations     | 1 |  1.5
Conjurations   | 1 |  1.2
Hexes          | 1 |  1.2
Necromancy     | 1 |  1.2
Translocations | 1 |  1.2
Transmutations | 1 |  1.2
Fire Magic     | 1 |  1.2
Ice Magic      | 1 |  1.2
Air Magic      | 1 |  1.2
Earth Magic    | 1 |  1.2
Poison Magic   | 1 |  1.2
Dodging        | |  4.8
Stealth        | |  4.4
Summonings     | |  7.2

Action                   |  1- 3 |  4- 6 || total
-------------------------+-------+-------++-------
Melee: Unarmed           |    13 |       ||    13
       Short sword       |     9 |       ||     9
Throw: Boomerang         |       |     3 ||     3
 Cast: Summon Small Mamm |    33 |    33 ||    66
       Call Imp          |     6 |    12 ||    18
       Summon Guardian G |     2 |     3 ||     5
       Call Canine Famil |     1 |    16 ||    17
       Summon Lightning  |       |     2 ||     2
 Stab: Distracted        |     1 |       ||     1
       Sleeping          |     1 |       ||     1
Armor: Robe              |     6 |    12 ||    18
Dodge: Dodged            |    31 |    32 ||    63

Table legend: (Time is in decaauts)
 A = Elapsed time spent in this place.
 B = Non-inter-level travel time spent in this place.
 C = Inter-level travel time spent in this place.
 D = Time resting spent in this place.
 E = Time spent auto-exploring this place.
 F = Levels seen in this place.
 G = Mean time per level.
                   A        B        C        D        E       F      G
               +--------+--------+--------+--------+--------+-----+--------+
         Total |   3524 |   3320 |    204 |      0 |   2509 |   4 |  881.0 |
       Dungeon |   3524 |   3320 |    204 |      0 |   2509 |   4 |  881.0 |
               +--------+--------+--------+--------+--------+-----+--------+

Top non-repeatable levels by time:
     D:2: 1729 daAuts
     D:1: 886 daAuts
     D:3: 874 daAuts
     D:4: 34 daAuts
